← All builds
Suicide front / Armada / Factory first / OBSERVED BUILD

Standard suicide front

Armada Suicide front build order · Supreme Isthmus

The role's baseline: Bot Lab at 0:21 then straight into reclaim-fed T1 bot production to contest the middle and hold until T2 arrives, with an Advanced Metal Extractor around 9:45.

#rush · 2204 distinct matches · 257 players · 72% of Armada Suicide front games · team won 59% of 2593 · Recently observed

HOW TO PLAY IT

Key timing: Bot Lab by 0:20

  1. Open with mex and lab-first to get Bot Lab up by 0:20.
  2. Expand mex and wind while lab pumps units toward middle.
  3. Push Sentry and early Rocketeer, Centurion to contest middle.
  4. Get T2 constructor out once Pond's boost lets you spare metal.
  5. Upgrade mex to Advanced Metal Extractor as you transition off T1 spam.

Phase by phase

TYPICAL OF ITS 2204 GAMES
  1. 1
  2. 2
  3. 3
PLAY THE OPENING

Follow the example game's first 6:00 step by step: what to build now, what comes next, and where it goes. At 1× it keeps pace with your own game.

  1. 1

    Bot Lab first

    Order
    1. Bot LabBot Lab done ~0:26, middle half 0:20–0:33

    Some games also: mex (47%)

  2. 2

    Bot Lab to 5:00

    Economy
    • Metal Extractor5Mex
    • Wind Turbine4Wind
    Builders
    • Construction Bot3 Con bot
    • Lazarus2 Lazarus
    Army
    • Sentry4 Sentry
    • Rocketeer16 Rocketeer
    • Tick2 Tick
    • Centurion1 Centurion
    Other
    • Radar Tower1 Radar Tower

    Some games also: pawn (39%) · con turret (34%)

    By 5:00 in all: 5 mex · 4 wind

    The example game in this phase · 42 steps
    1. LazarusLazarus
    2. Construction BotCon bot
    3. CenturionCenturion
    4. Construction BotCon bot
    5. Mex
    6. LazarusLazarus
    7. TickTick ×2
    8. LazarusLazarus
    9. CenturionCenturion
    10. Mex
    11. Radar TowerRadar Tower
    12. CenturionCenturion
    13. SentrySentry
    14. LazarusLazarus
    15. CenturionCenturion
    16. Construction BotCon bot
    17. SentrySentry
    18. Construction BotCon bot
    19. RocketeerRocketeer ×5
    20. LazarusLazarus
    21. Mex
    22. Con turret
    23. RocketeerRocketeer
    24. Con turret
    25. SentrySentry
    26. RocketeerRocketeer
    27. Solar
    28. Con turret
    29. SentrySentry
    30. RocketeerRocketeer
    31. Solar
    32. RocketeerRocketeer
    33. Solar
    34. SentrySentry
    35. RocketeerRocketeer
    36. Wind
    37. LazarusLazarus
    38. Wind ×2
    39. RocketeerRocketeer
    40. Wind
    41. RocketeerRocketeer
    42. Wind
  3. 3

    5:00 to 10:00

    Economy
    • Metal Extractor1Mex
    • Wind Turbine15Wind
    Builders
    • Construction Turret2 Con turret
    • Lazarus2 Lazarus
    • Construction Bot1 Con bot
    Army
    • Sentry1 Sentry
    • Rocketeer8 Rocketeer

    Some games also: pawn (48%) · Radar Tower (46%) · centurion (44%) · tick (43%) · energy storage (42%) · eat Bot Lab (31%)

    By 10:00 in all: 6 mex · 21 wind · 1 energy storage · 2 con turret

    The example game in this phase · 155 steps
    1. RocketeerRocketeer
    2. Wind
    3. RocketeerRocketeer
    4. Wind
    5. RocketeerRocketeer
    6. SentrySentry
    7. Wind
    8. LazarusLazarus
    9. RocketeerRocketeer
    10. SentrySentry
    11. RocketeerRocketeer ×4
    12. Mex
    13. LazarusLazarus ×2
    14. Construction BotCon bot ×2
    15. PawnPawn
    16. Energy storage
    17. PawnPawn
    18. Energy storage
    19. PawnPawn ×3
    20. Wind
    21. PawnPawn
    22. Wind
    23. PawnPawn
    24. Radar TowerRadar Tower
    25. PawnPawn
    26. Wind
    27. PawnPawn
    28. Wind
    29. PawnPawn
    30. Wind
    31. PawnPawn
    32. Wind
    33. Mex
    34. PawnPawn
    35. Wind
    36. PawnPawn
    37. Wind
    38. PawnPawn
    39. Wind
    40. PawnPawn
    41. Wind
    42. PawnPawn
    43. Wind
    44. PawnPawn
    45. Wind
    46. PawnPawn
    47. Wind
    48. PawnPawn
    49. Wind
    50. PawnPawn
    51. SentrySentry
    52. Wind
    53. PawnPawn
    54. Wind
    55. SentrySentry
    56. PawnPawn
    57. Wind
    58. PawnPawn ×2
    59. Con turret
    60. PawnPawn
    61. Con turret
    62. PawnPawn
    63. Mex
    64. PawnPawn ×2
    65. Con turret ×2
    66. Metal storage
    67. PawnPawn
    68. Mex
    69. PawnPawn
    70. Con turret
    71. PawnPawn
    72. Bot LabBot Labdone 8:47
    73. PawnPawn ×2
    74. Mex
    75. PawnPawn
    76. Advanced Bot LabAdvanced Bot Labdone 9:12
    77. PawnPawn
    78. Mex
    79. PawnPawn ×4
    80. Advanced Construction BotT2 con bot
    81. SentrySentry
    82. PawnPawn ×3
    83. Advanced Construction BotT2 con bot
    84. SentrySentry
    85. PawnPawn ×3
    86. SentrySentry
    87. PawnPawn ×2
    88. SentrySentry
    89. PawnPawn ×9
    90. Advanced Metal ExtractorT2 mexdone 10:38 · typical 9:48
    91. PawnPawn ×4
    92. SentrySentry
    93. PawnPawn ×7
    94. Radar TowerRadar Tower
    95. PawnPawn ×3
    96. Energy storage
    97. PawnPawn ×3
    98. Advanced Metal ExtractorT2 mex
    99. Metal storage
    100. PawnPawn ×3
    101. Advanced Bot LabEat Advanced Bot Labreclaimed for its metal
    102. PawnPawn ×4
    103. Mex
    104. PawnPawn ×5
    105. TickTick ×6
    106. Advanced Metal ExtractorT2 mex
    107. TickTick ×2
    108. Advanced Metal ExtractorT2 mex
    109. TickTick ×14
    110. Solar
    111. TickTick ×7
    112. Advanced Metal ExtractorT2 mex
    113. TickTick
    114. Solar
    115. TickTick ×3
    116. Fusion ReactorFusiondone 12:54
    117. TickTick ×2
    118. Advanced Metal ExtractorT2 mex
    119. TickTick ×8
    120. Pit BullPit Bull
    121. TickTick ×8
    122. Fusion ReactorFusion
    123. TickTick ×4
    124. Pit BullPit Bull
    125. TickTick ×27
    126. RattlesnakeRattlesnakedone 14:12
    127. TickTick ×8
    128. BeamerBeamer
    129. Converter
    130. TickTick ×3
    131. Converter
    132. TickTick
    133. BeamerBeamer
    134. TickTick ×6
    135. Con turret
    136. CitadelAnti-nukenot finished by 15:00
    137. TickTick ×2
    138. Con turret
    139. TickTick
    140. Converter
    141. Con turret
    142. TickTick ×2
    143. Con turret
    144. TickTick ×4
    145. Converter
    146. TickTick ×3
    147. Converter
    148. TickTick ×5
    149. Converter
    150. TickTick ×7
    151. Converter
    152. BeamerBeamer
    153. TickTick ×9
    154. Converter
    155. TickTick ×3

Counts are medians over the build's games: half of them build more, half fewer. The example game is [EMPR]mcdumper4593's (33 OS, 15/08/2026); pick another.

Team trades

IN AT LEAST 30% OF ITS GAMES

You hand over

Nothing regular.

You get

  • Tidal Generator4 Tidal from Pondfirst at 0:11 · in 68% of games
  • Advanced Construction Bot1 T2 con bot from Geo or Techfirst at 7:45 · in 57% of games

How it plays out

Typical game of this build, running totals by minute

Metal produced

010k20k
0:005:0010:0015:00

metal

Enemy metal destroyed

05k10k
0:005:0010:0015:00

metal

Own metal lost

05k10k
0:005:0010:0015:00

metal

2593 games.

Show as table
ByMetal produced: This buildEnemy metal destroyed: This buildOwn metal lost: This build
1:0023000
2:0088700
3:002006192130
4:003107646503
5:0041891357991
6:00535522041681
7:00655330802556
8:00776139603454
9:00903547304343
10:001040053555134
11:001185258965909
12:001354564446642
13:001535369107406
14:001724275298188
15:001916981658963
WHAT THE NUMBERS SAY

Standard Suicide front play wins a bit over half its games while taking the heaviest own losses of any role by 15:00.

  • + Produces 20142 metal by 15:00, highest of the front roles.
  • + First kill by 2:01 in all games, fastest contest of middle.
  • − Own metal lost hits 9178 by 15:00, more than enemy metal destroyed.
  • − Only 34% Rocketeer share shows army spread thin across many bot types.
THE EXAMPLE YOU ARE READING

[EMPR]mcdumper4593

33.0 OS · 15/08/2026

Open source match ↗

15 received units · includes a constructor
8 metal received · 75571 energy received

Allied construction assistance is unknown. Timings are observations, not a promise of solo reproducibility.

Typical milestones

Bot Lab0:26Middle 50%: 0:20–0:33 · n=2584
Advanced Metal Extractor9:48Middle 50%: 8:52–11:00 · n=1858

Played most by

_X_264games of this buildPlatinumBlonde187games of this buildXad165games of this buildTrapCaT111games of this buildImmort80games of this build
Standard suicide front · Armada Suicide front build order · BAR Build Atlas